 Dungeon Crawl Stone Soup version 0.24-a0-309-g1095bca (webtiles) character file.

Game seed: 15586039486698624819

49 nikopol the Firebug (level 3, -5/19 HPs)
             Began as a Deep Elf Fire Elementalist on May 14, 2019.
             Engulfed by a cloud of flame (24 damage)
             ... on level 2 of the Dungeon.
             The game lasted 00:02:53 (1192 turns).

nikopol the Firebug (Deep Elf Fire Elementalist)    Turns: 1192, Time: 00:02:54

Health: -5/19      AC:  2    Str:  5    XL:     3   Next: 53%
Magic:  10/10      EV: 13    Int: 20    God:
Gold:   42         SH:  0    Dex: 15    Spells: 3/9 levels left

rFire    . . .     SeeInvis .   e - +0 dagger
rCold    . . .     Gourm    .   (no shield)
rNeg     . . .     Faith    .   a - +0 robe
rPois    .         Spirit   .   (no helmet)
rElec    .         Reflect  .   (no cloak)
rCorr    .         Harm     .   (no gloves)
MR       .....                  (no boots)
Stlth    ++........             (no amulet)
HPRegen  0.06/turn              (no ring)
MPRegen  0.12/turn              (no ring)

@: no status effects
A: no striking features
a: no special abilities


You were on level 2 of the Dungeon.
You were not hungry.

You visited 1 branch of the dungeon, and saw 2 of its levels.

You collected 42 gold pieces.

Inventory:

Hand Weapons
 e - a +0 dagger (weapon)
Armour
 a - a +0 robe (worn)
Scrolls
 b - a scroll of enchant armour {unknown}
 f - 5 scrolls of identify {unknown}
 j - a scroll of amnesia {unknown}
 m - a scroll of enchant weapon {unknown}
 n - a scroll of random uselessness {unknown}
Potions
 d - a potion of might {unknown}
 g - a potion of magic {unknown}
 h - a potion of haste {unknown}
 i - a potion of agility {unknown}
 l - a potion of heal wounds {unknown}
Comestibles
 c - 3 rations


   Skills:
 + Level 2.5 Dodging
 + Level 2.9 Stealth
 + Level 3.9 Spellcasting
 + Level 1.5 Conjurations
 + Level 4.1 Fire Magic


You had 3 spell levels left.
You knew the following spells:

 Your Spells              Type           Power        Failure   Level  Hunger
a - Flame Tongue          Conj/Fire      ###..        4%          1    None
b - Throw Flame           Conj/Fire      ###...       6%          2    ##.....
c - Conjure Flame         Conj/Fire      ###.....     12%         3    ###....

Your spell library contained the following spells:

 Spells                   Type           Power        Failure   Level  Hunger
 Inner Flame              Hex/Fire       ##......     17%         3    ###....
 Sticky Flame             Conj/Fire      ###.....     38%         4    ####...
 Fireball                 Conj/Fire      ###.......   75%         5    ######.


Dungeon Overview and Level Annotations

Branches:
Dungeon (2/15)

Altars:
Vehumet


Message History

Casting: Flame Tongue (safe; 4% risk of failure)
Confirm with . or Enter, or press ? or * to list all spells.
Aiming: Flame Tongue (safe; 4% risk of failure)
Press: ? - help, Shift-Dir - straight line, f/p - giant cockroach
Aim: a giant cockroach (severely wounded)
The flame tongue hits the giant cockroach.
You kill the giant cockroach!
c - 3 rations (gained 1)
You open the door.
Found a leopard gecko corpse.
There is an open door here.
Found a radiant altar of Vehumet.
Found a stone staircase leading up.
Found 15 stones.
Found a ring mail.
Really walk into a travel-excluded area?
Really walk into that cloud of flame?
Okay, then.
You are engulfed in blazing flames.
Ouch! That really hurt!
You die...

.. #. ..## ###< ...#
#... ..## #.#. ######...
#.#. #....○.# #...
#.§§§..# #..# ##☼.@.†+##
#..# #..§☼....## #..#
#.........## ##...
#.#........## ##.#.#
#...........####....#
.......<.......'........
...[...........####....#
.#.###(.......## ##....
#. #.#.....## #..#.


There were no monsters in sight!

Vanquished Creatures
  A dart slug (D:1)
  5 leopard geckos
  3 giant cockroaches
  9 goblins
  A hobgoblin (D:1)
  5 jackals (D:1)
  5 kobolds
  3 bats
  4 frilled lizards
  2 rats (D:1)
38 creatures vanquished.

Vanquished Creatures (others)
  A leopard gecko (D:2)
  A kobold (D:2)
2 creatures vanquished.

Grand Total: 40 creatures vanquished

Notes
Turn   | Place    | Note
-------+----------+-------------------------------------------
     0 | D:1      | nikopol the Deep Elf Fire Elementalist began the quest for
                  | the Orb.
     0 | D:1      | Reached XP level 1. HP: 10/10 MP: 6/6
    51 | D:1      | Reached XP level 2. HP: 15/15 MP: 0/8
   412 | D:1      | Reached skill level 4 in Fire Magic
   412 | D:1      | Reached XP level 3. HP: 12/19 MP: 1/10
   416 | D:1      | Learned a level 2 spell: Throw Flame
   420 | D:1      | Learned a level 3 spell: Conjure Flame
  1180 | D:2      | Found a radiant altar of Vehumet.
  1192 | D:2      | Engulfed by a cloud of flame

Levels and vault maps discovered:
D:1:      wander_arrival_desolate, layout_basic, chequers_garden
D:2:      layout_loops_corners, fiery_altar_vehumet, first_ration

Skill      XL: |  1  2 |
---------------+-------+-----
Fire Magic     | 4 |  4.1
Dodging        | |  2.5
Stealth        | |  2.9
Spellcasting   | |  3.9
Conjurations   | |  1.5

Action                   || total
-------------------------++-------
 Cast: Flame Tongue      ||    71
  Eat: Chunk             ||     1
Armor: Robe              ||     7
Dodge: Dodged            ||    20

Table legend:
 A = Non-vault XP
 B = Vault XP
 C = Vault XP percentage of total XP
 D = Non-vault monster count
 E = Vault monster count
 F = Vault count percentage of total count
                 A         B        C        D         E       F
            +---------+---------+-------+---------+---------+-------
      Total |      71 |       0 |   0.0 |      38 |       0 |   0.0
            +---------+---------+-------+---------+---------+-------
        D:1 |      60 |       0 |   0.0 |      32 |       0 |   0.0
        D:2 |      11 |       0 |   0.0 |       6 |       0 |   0.0
            +---------+---------+-------+---------+---------+-------
